cohdb
Replays
Latest Replays
All Replays
Popular Replays
Top Player Replays
Match Explorer
How It Works
Community
CoH3 Stats
Reddit
Sign in to upload your games and track your stats! →
Sign in with Steam
Match 45435746
Unlisted
Match 45435746
Overview
Messages
Build Orders
End
Construct Section Command Post
Infantry Section
Infantry Section
Grenade Package
Dingo Light Scout Car
Vickers Machine Gun Team
Selects Canadian Shock Battlegroup
Selects Attacking Spirit
Selects Canadian Shock Section
Construct Platoon Command Post
Selects Burnout
Selects Incendiary Munitions
6-pounder Anti-tank Gun Team
Humber Armored Car
Humber Armored Car
Selects Pyrotechnics
Canadian Shock Section
Construct Field Infirmary
BUBBA_ACTUAL
JollyRedRockett
GunGrave
Kira [NL]
0
0
Comments
sign in to comment!
No comments posted yet!